 Dungeon Crawl Stone Soup version 0.18-a0-1745-gffa9a88 (webtiles) character file.

583 dobroeutro the Shield-Bearer (level 7, 0/66 HPs)
             Began as a Gargoyle Fighter on Apr 11, 2016.
             Killed by divine providence
             ... invoked by an orc priest
              (12 damage)
             ... on level 4 of the Dungeon.
             The game lasted 00:07:05 (2974 turns).

dobroeutro the Shield-Bearer (Gargoyle Fighter)     Turns: 2974, Time: 00:07:06

Health: 0/66       AC: 23    Str: 19 (21) XL:     7   Next: 37%
Magic:  7/7        EV:  2    Int:  7 (8)  God:
Gold:   94         SH: 10    Dex: 14 (15) Spells: 0 memorised, 6 levels left

rFire  . . .     SeeInvis .     a - +0 flail
rCold  . . .     Gourm    .     (armour currently unavailable)
rNeg   + + +     Faith    .     c - +0 shield
rPois  ∞         Spirit   .     (helmet currently unavailable)
rElec  .         Dismiss  .     (cloak currently unavailable)
rCorr  .         Reflect  .     (gloves currently unavailable)
SustAt .         Harm     .     (boots currently unavailable)
MR     .....     NoTele   +     (no amulet)
Stlth  +.........               (no ring)
                                q - +5 ring of dexterity

@: tree-form, very slightly contaminated, hasted, very quick, not resistant to
hostile enchantments, very unstealthy
A: negative energy resistance 1, (electricity resistance), (unbreathing),
petrification resistance, rot immunity, AC +4
a: no special abilities


You were on level 4 of the Dungeon.
You were hungry.
You were a tree.
You visited 1 branch of the dungeon, and saw 4 of its levels.

You collected 94 gold pieces.

Inventory:

Hand Weapons
 a - a +0 flail (weapon)
Armour
 b - a +0 scale mail (melded)
 c - a +0 shield (worn)
 h - a +2 hat (melded)
 j - a +0 pair of gloves (melded)
 s - a +2 pair of boots (melded)
Jewellery
 q - a +5 ring of dexterity (left branch)
Scrolls
 e - 3 scrolls of identify {unknown}
 k - a scroll of magic mapping {unknown}
 o - a scroll of remove curse {unknown}
 u - a scroll of teleportation {unknown}
Potions
 d - a potion of might
 i - a potion of flight
Comestibles
 f - 2 bread rations
 m - 9 fruits
 n - a royal jelly


   Skills:
 + Level 4.6 Fighting
 + Level 3.8 Maces & Flails
 + Level 5.2 Armour
 + Level 6.3 Shields


You had 6 spell levels left.
You didn't know any spells.

Dungeon Overview and Level Annotations

Branches:
Dungeon (4/15)
 Temple: D:4-7

Altars:
Yredelemnul

Annotations:
D:4 Edmund


Innate Abilities, Weirdness & Mutations

You are resistant to torment.
((Your stone body is resilient (AC +4).))
You are immune to poison.
You resist negative energy.
((You are resistant to electric shocks.))
((You can survive without breathing.))
You are immune to petrification.
You are immune to rotting.


Message History

There was something very wrong with that liquid.
You feel weakened.
You feel dopey.
You feel clumsy.
Drink which item? (? for menu, Esc to quit)
It was a potion of lignification.
You turn into a tree.
Your +2 hat melds into your body.
Your +0 pair of gloves melds into your body.
Your +2 pair of boots melds into your body.
Your +0 scale mail melds into your body.
Your roots penetrate the ground.
The orc priest calls down the wrath of Beogh upon you.
You are unaffected.
You thump the orc priest!
The orc priest is severely wounded.
The orc priest calls down the wrath of Beogh upon you.
You are unaffected.
You closely miss the orc priest.
The orc priest is severely wounded.
The orc priest invokes the aid of Beogh against you.
Beogh smites you!
You die...

....# #o.### ###..
#S.# #..# # #oo# ##
###..# .#### #oo..##
....# #@##..#
.##.#### #o###.#
.......### ##♣# #.#
...^.....######..#
#.#
#####)##........##
#.# #..##...##..#
#.#
##.####.....####.#
#..######....##.#
##.†............#
##.............##
#.........##...#####


You could see Edmund, an orc priest and 2 orcs.

Vanquished Creatures
  Sigmund (D:2)
  2 phantoms (D:4)
  Natasha (twice) (D:2)
  An orc wizard (D:3)
  A hound skeleton (D:4)
  3 gnolls (D:3)
  Robin (D:2)
  2 adders
  An ooze (D:1)
  4 worms
  3 dart slugs
  3 giant geckos
  6 orcs
  6 giant cockroaches
  12 hobgoblins
  8 kobolds
  4 quokkas
  A ball python (D:4)
  8 bats
  A giant newt (D:1)
  13 goblins
  8 rats
91 creatures vanquished.

Notes
Turn   | Place    | Note
--------------------------------------------------------------
     0 | D:1      | dobroeutro the Gargoyle Fighter began the quest for the Orb.
     0 | D:1      | Reached XP level 1. HP: 14/14 MP: 1/1
   102 | D:1      | Reached XP level 2. HP: 15/19 MP: 2/2
   299 | D:1      | Reached XP level 3. HP: 24/24 MP: 3/3
   636 | D:2      | Noticed Sigmund
   772 | D:2      | Found a basalt altar of Yredelemnul.
   790 | D:2      | Noticed Natasha
   795 | D:2      | Killed Natasha
   795 | D:2      | Reached skill level 4 in Shields
   795 | D:2      | Reached XP level 4. HP: 29/29 MP: 4/4
  1225 | D:2      | Noticed Natasha
  1236 | D:2      | Killed Natasha
  1616 | D:2      | Killed Sigmund
  1616 | D:2      | Reached XP level 5. HP: 33/33 MP: 5/5
  1616 | D:2      | Reached XP level 6. HP: 38/38 MP: 6/6
  1672 | D:2      | Noticed Robin
  1676 | D:2      | Reached skill level 5 in Shields
  1694 | D:2      | Killed Robin
  2794 | D:4      | Noticed a phantom
  2856 | D:4      | Killed a phantom
  2856 | D:4      | Reached skill level 5 in Armour
  2856 | D:4      | Reached skill level 6 in Shields
  2856 | D:4      | Reached XP level 7. HP: 27/44 MP: 7/7
  2951 | D:4      | Noticed Edmund
  2974 | D:4      | Killed from afar by an orc priest

Vault maps used:
D:1:      shiori_arrival_oz
D:2:      old_standard_altar, uniq_robin, uniq_natasha, uniq_sigmund
D:4:      grunt_temple_overflow_order_and_chaos_1,
          gammafunk_temple_overflow_wave, first_bread, uniq_eustachio,
          uniq_edmund

Skill      XL: |  1  2  3  4  5  6 |
---------------+-------------------+-----
Armour         | 4 5 |  5.2
Shields        | 4 6 |  6.3
Fighting       | 4 |  4.6
Maces & Flails | 3 |  3.8

Action                   |  1- 3 |  4- 6 |  7- 9 || total
-------------------------+-------+-------+-------++-------
Melee: Flail             |   100 |   261 |    49 ||   410
  Use: Potion            |       |       |     5 ||     5
  Eat: Chunk             |       |     7 |       ||     7
